 Dungeon Crawl Stone Soup version 0.29-a0-789-g7a8fcbc185 (webtiles) character file.

Game seed: 16932036036340153601

63 gobodom the Chopper (level 3, -2/27 HPs)
             Began as a Demonspawn Gladiator on July 3, 2022.
             Killed by nerve-wracking pain
             ... invoked by Menkaure
              (3 damage)
             ... on level 4 of the Dungeon.
             The game lasted 00:02:38 (1118 turns).

gobodom the Chopper (Demonspawn Gladiator)          Turns: 1118, Time: 00:02:39

Health: -2/27      AC:  4    Str: 14    XL:     3   Next: 89%
Magic:  3/3        EV: 12    Int: 11    God:
Gold:   22         SH:  0    Dex: 14    Spells: 2/2 levels left

rFire   . . .      SeeInvis .   a - +0 war axe
rCold   . . .      Faith    .   (no shield)
rNeg    . . .      Spirit   .   b - +0 leather armour
rPois   .          Reflect  .   c - +0 helmet
rElec   .          Harm     .   (no cloak)
rCorr   .          Rampage  .   (no gloves)
Will    .....                   (no boots)
Stlth   +.........              (no amulet)
HPRegen 0.09/turn               (no ring)
MPRegen 0.08/turn               (no ring)

@: no status effects
A: hooves 1
a: no special abilities


You were on level 4 of the Dungeon.
You visited 1 branch of the dungeon, and saw 3 of its levels.

You collected 22 gold pieces.

Inventory:

Hand Weapons
 a - a +0 war axe (weapon)
Missiles
 d - 2 throwing nets (quivered)
 e - 3 javelins
 g - 2 boomerangs
Armour
 b - a +0 leather armour (worn)
 c - a +0 helmet (worn)
Magical Staves
 f - a staff of air
Scrolls
 j - 2 scrolls of identify {unknown}
 k - 3 scrolls of poison {unknown}
 n - a scroll of blinking {unknown}
 o - a scroll of noise {unknown}
Potions
 h - a potion of heal wounds {unknown}
 i - a potion of curing {unknown}
 l - 2 potions of resistance {unknown}
 m - a potion of might {unknown}


   Skills:
 + Level 2.2 Fighting
 + Level 3.4 Axes
 + Level 2.1 Throwing
 + Level 1.0 Armour
 + Level 3.1 Dodging
 + Level 0.2 Stealth


You had 2 spell levels left.
You didn't know any spells.
Your spell library contained the following spells:

 Spells                   Type           Power      Damage    Failure   Level
 Sting                    Tmut/Pois      0%         1d3       41%         1
 Poisonous Vapours        Pois/Air       0%         N/A       54%         2
 Frozen Ramparts          Ice            0%         1d2       78%         3
 Ice Form                 Ice/Tmut       0%         N/A       99%         4
 Olgreb's Toxic Radiance  Pois           0%         N/A       99%         4
 Summon Ice Beast         Ice/Summ       0%         N/A       99%         4


Dungeon Overview and Level Annotations

Branches:
Dungeon (2/15)

Altars:

Annotations:
D:4 Menkaure


Innate Abilities, Weirdness & Mutations

You have large cloven feet.


Message History

Menkaure is nearby!
Items here: ) [ ††.
Menkaure casts a spell.
Menkaure seems to speed up.
Menkaure's bandages flutter.
Menkaure points at you and mumbles some strange words.
Pain shoots through your body!
Menkaure's ankle releases a plume of dust as he confides, "I'm not really a mummy, you know."
Found a book of Rime.
Found 16 gold pieces.
Menkaure points at you and mumbles some strange words.
You barely resist.
You see here a book of Rime.
You pick up a book of Rime and begin reading...
You add the spells Frozen Ramparts, Ice Form and Summon Ice Beast to your library.
A quokka comes into view.
The quokka bites you. Menkaure attacks as you move away!
Menkaure closely misses you.
Menkaure gestures at you while chanting.
Pain shoots through your body!
* * * LOW HITPOINT WARNING * * *
You see here 16 gold pieces.
A ball python comes into view.
The ball python hisses angrily.
You hear an angry hiss.
An adder comes into view.
Menkaure closely misses you.
The adder moves out of view.
The quokka bites you.
* * * LOW HITPOINT WARNING * * *
Menkaure attacks as you move away! Menkaure misses you.
Menkaure hums drily.
The ball python closely misses you. The ball python grabs you.
The ball python constricts you.
You escape the ball python's grasp.
Menkaure attacks as you move away! Menkaure hits you but does no damage.
A hound comes into view.
Found a short sword.
Found a scroll labelled RUTSU MENK.
Menkaure points at you and mumbles some strange words.
Pain shoots through your body!
You die...

....... ....)
?..h. ... ... #.#
#.# . #@# ###. ..
#.# .... ...####M#
#### .....SSr#
#### ###.#...#
.M.# #...###..#
##.#
#######.$......#
#.#
..#........#.#...
#.#####.#........#
#


You could see Menkaure (fast), a hound, an adder and a quokka.

Vanquished Creatures
  An iguana (D:4)
  Natasha (D:2)
  A dart slug (D:4)
  An orc (D:4)
  3 bats (D:1)
  A giant cockroach (D:1)
  2 hobgoblins
  3 jackals (D:1)
  A kobold (D:1)
  A quokka (D:1)
  2 frilled lizards (D:1)
  3 rats (D:1)
20 creatures vanquished.

Notes
Turn   | Place    | Note
-------+----------+-------------------------------------------
     0 | D:1      | gobodom the Demonspawn Gladiator began the quest for the
                  | Orb.
     0 | D:1      | Reached XP level 1. HP: 16/16 MP: 1/1
   228 | D:1      | Gained mutation: You have large cloven feet. [demonic
                  | ancestry]
   228 | D:1      | Reached XP level 2. HP: 20/22 MP: 2/2
   975 | D:2      | Noticed Natasha
   982 | D:2      | Killed Natasha
   983 | D:2      | Reached XP level 3. HP: 25/27 MP: 3/3
  1026 | D:2      | You fall into a shaft and drop 2 floors!
  1051 | D:4      | Noticed Menkaure
  1080 | D:4      | Reached skill level 1 in Armour
  1115 | D:4      | HP: 1/27 [quokka (2)]
  1118 | D:4      | Killed from afar by Menkaure

Illustrated notes

Levels and vault maps discovered:
D:1:      dpeg_arrival_simpleton_a, layout_loops_cross, minivault_26
D:2:      minmay_inner_zag, layout_rooms, uniq_natasha
D:4:      layout_basic, uniq_menkaure, uniq_blork_the_orc

Skill      XL: |  1  2  3 |
---------------+----------+-----
Axes           | 3 |  3.4
Throwing       | 2 |  2.1
Dodging        | 3 |  3.1
Armour         | 1 |  1.0
Fighting       | |  2.2
Stealth        | |  0.2

Action                   || total
-------------------------++-------
Melee: War axe           ||    56
       Kick              ||     5
       Punch             ||     2
Throw: Throwing net      ||     2
Armor: Leather armour    ||    24
Dodge: Dodged            ||    62

Table legend: (Time is in decaauts)
 A = Elapsed time spent in this place.
 B = Non-inter-level travel time spent in this place.
 C = Inter-level travel time spent in this place.
 D = Time resting spent in this place.
 E = Time spent auto-exploring this place.
 F = Levels seen in this place.
 G = Mean time per level.
                   A        B        C        D        E       F      G
               +--------+--------+--------+--------+--------+-----+--------+
         Total |   1136 |   1123 |     13 |      0 |    866 |   3 |  378.7 |
       Dungeon |   1136 |   1123 |     13 |      0 |    866 |   3 |  378.7 |
               +--------+--------+--------+--------+--------+-----+--------+

Top non-repeatable levels by time:
     D:1: 990 daAuts
     D:4: 95 daAuts
     D:2: 51 daAuts
